cohdb
Replays
Latest Replays
All Replays
Popular Replays
Top Player Replays
Match Explorer
How It Works
Community
CoH3 Stats
Reddit
Sign in to upload your games and track your stats! →
Sign in with Steam
Match 45452584
Unlisted
Match 45452584
Overview
Messages
Build Orders
End
Construct Section Command Post
Selects Canadian Shock Battlegroup
Dingo Light Scout Car
Infantry Section
Infantry Section
Grenade Package
Selects Offensive Resupply
Selects Canadian Shock Section
Canadian Shock Section
Construct Platoon Command Post
Selects Burnout
Selects Burnout
Humber Armored Car
Canadian Shock Section
Construct Field Infirmary
Infantry Section
Selects Point Assault
Unlock M3 Stuart Light Tanks
atank
Farsurem
Suckobert
Deutsche Eiche
From Voodoo to Zen
A Sassy Badger
Urge to Merge
Jimm-e
0
0
Comments
sign in to comment!
No comments posted yet!